Map: Bel'Shir Vestige LE (Void)

Players

PiLiPiLi - Winner!

  • Race: Protoss Protoss
  • Spawn Location: 11:00

Dayshi

  • Race: Terran Terran
  • Spawn Location: 5:00

Event: IEM XI Katowice - World Championship 2017

VOD

Have the link to the VOD?

Description

Time

  • Played on: Feb. 27, 2017, 1:08 p.m.
  • Length: 10:37

All games in this series

Show
View Real Time Build Order
Export as new Build Order

PiLiPiLi Protoss - Winner!

Build Orders: 1 Gate Expand, Oracle Opening, Phoenix Opening, Mass Adepts 

Get SALT Encoding   

  12  0:01  Probe (Chrono Boost)  
  13  0:11  Probe (Chrono Boost)  
  14  0:19  Pylon  
  14  0:22  Probe (Chrono Boost)  
  15  0:37  Gateway, Probe (Chrono Boost)  
  16  0:44  Assimilator  
  16  0:47  Probe (Chrono Boost)  
  17  0:58  Probe (Chrono Boost)  
  18  1:08  Probe (Chrono Boost)  
  19  1:18  Nexus  
  19  1:20  Probe (Chrono Boost)  
  20  1:30  Cybernetics Core  
  20  1:34  Probe (Chrono Boost)  
  20  1:38  Assimilator  
  21  1:44  Probe (Chrono Boost)  
  22  1:47  Pylon  
  22  1:55  Probe (Chrono Boost)  
  23  2:02  Adept  
  23  2:04  Warp Gate  
  23  2:07  Probe (Chrono Boost)  
  26  2:20  Probe (Chrono Boost)  
  27  2:23  Stargate  
  27  2:26  Adept  
  29  2:35  Probe x2 (Chrono Boost)  
  31  2:47  Probe (Chrono Boost)  
  31  2:48  Probe (Chrono Boost)  
  31  2:50  Adept  
  36  2:59  Probe x2 (Chrono Boost)  
  36  3:03  Oracle  
  36  3:04  Gateway  
  36  3:05  Gateway  
  37  3:12  Probe (Chrono Boost)  
  41  3:15  Probe (Chrono Boost)  
  44  3:27  Probe (Chrono Boost)  
  44  3:29  Mothership Core (Chrono Boost)  
  44  3:31  Pylon  
  45  3:37  Pylon  
  45  3:39  Probe (Chrono Boost)  
  45  3:41  Pylon  
  46  3:46  Phoenix  
  46  3:49  Probe (Chrono Boost)  
  46  3:51  Probe (Chrono Boost)  
  50  4:00  Probe (Chrono Boost)  
  52  4:03  Probe (Chrono Boost)  
  52  4:06  Adept x2  
  56  4:11  Phoenix, Probe (Chrono Boost)  
  56  4:15  Probe (Chrono Boost)  
  60  4:21  Probe (Chrono Boost)  
  60  4:22  Adept  
  63  4:26  Pylon, Adept  
  63  4:27  Adept, Probe (Chrono Boost)  
  68  4:32  Probe (Chrono Boost)  
  70  4:39  Probe (Chrono Boost)  
  70  4:42  Assimilator  
  70  4:44  Assimilator, Probe (Chrono Boost)  
  70  4:45  Adept  
  73  4:47  Pylon, Adept x2  
  73  4:52  Probe (Chrono Boost)  
  78  5:04  Nexus  
  78  5:05  Probe (Chrono Boost)  
  79  5:07  Phoenix  
  79  5:09  Pylon  
  79  5:11  Probe (Chrono Boost)  
  82  5:16  Probe (Chrono Boost)  
  82  5:17  Forge  
  82  5:20  Twilight Council  
  83  5:24  Probe (Chrono Boost)  
  83  5:26  Probe (Chrono Boost)  
  85  5:29  Phoenix  
  88  5:36  Probe (Chrono Boost)  
  88  5:37  Probe (Chrono Boost)  
  88  5:42  Protoss Ground Weapons Level 1  
  89  5:44  Resonating Glaives  
  89  5:48  Probe (Chrono Boost)  
  90  5:53  Phoenix  
  90  5:56  Probe (Chrono Boost)  
  93  6:00  Probe (Chrono Boost)  
  93  6:03  Gateway  
  94  6:04  Gateway  
  94  6:05  Gateway  
  94  6:12  Pylon  
  94  6:17  Phoenix  
  94  6:18  Probe (Chrono Boost)  
  95  6:24  Robotics Facility  
  95  6:25  Probe (Chrono Boost)  
  99  6:27  Adept  
  99  6:28  Adept x2  
  105  6:38  Gateway  
  105  6:39  Phoenix, Gateway  
  104  6:44  Gateway  
  106  6:50  Gateway  
  106  6:51  Pylon  
  106  6:54  Adept  
  106  6:55  Pylon  
  108  7:01  Adept x2  
  112  7:09  Pylon, Protoss Air Weapons Level 1  
  112  7:13  Adept x2  
  116  7:20  Adept x2  
  116  7:21  Phoenix  
  116  7:22  Protoss Ground Armor Level 1  
  120  7:24  Observer  
  123  7:32  Pylon  
  123  7:34  Photon Cannon  
  123  7:37  Pylon  
  123  7:40  Pylon  
  123  7:42  Adept x5  
  133  7:45  Pylon  
  133  7:56  Phoenix  
  133  7:57  Adept x4  
  141  8:02  Warp Prism  
  141  8:03  Adept x3  
  151  8:15  Adept x3  
  157  8:28  Adept  
  157  8:29  Adept x5  
  157  8:33  Phoenix  
  168  8:54  Adept  
  168  8:55  Adept  
  172  8:57  Pylon  
  172  8:58  Pylon  
  172  9:02  Assimilator  
  172  9:04  Assimilator  
  172  9:06  Pylon  
  170  9:16  Adept x6  
  140  9:21  Adept x2  
  134  9:29  Phoenix  
  128  9:33  Observer  
  131  9:43  Adept x8  
  147  9:53  Photon Cannon  
  147  9:55  Photon Cannon  
  147  9:56  Photon Cannon  
  145  10:04  Pylon  
  143  10:16  Adept x2  
  143  10:17  Adept x8  
Show
View Real Time Build Order
Export as new Build Order

Dayshi Terran 

Build Orders: Cyclone Opening, Reaper Expand, MMM Bio 

Get SALT Encoding   

  12  0:00  SCV  
  13  0:12  SCV  
  14  0:17  Supply Depot  
  14  0:24  SCV  
  14  0:27  Refinery  
  15  0:39  SCV  
  16  0:44  Barracks  
  16  0:51  SCV  
  17  1:03  SCV  
  18  1:15  SCV  
  19  1:31  Reaper, Orbital Command  
  20  1:41  Command Center  
  20  1:51  Factory  
  20  1:57  SCV  
  21  2:02  Supply Depot  
  21  2:06  Barracks Reactor  
  21  2:09  SCV  
  21  2:13  Refinery  
  22  2:21  SCV  
  23  2:33  SCV  
  24  2:40  Cyclone  
  24  2:41  Marine  
  24  2:42  Marine  
  29  2:45  SCV  
  30  2:53  Orbital Command  
  30  2:59  Marine x2, Starport  
  30  3:00  SCV  
  33  3:12  SCV  
  34  3:16  Cyclone  
  34  3:18  Supply Depot  
  34  3:19  SCV  
  38  3:20  Marine  
  38  3:23  Marine  
  38  3:25  SCV  
  41  3:31  SCV  
  42  3:35  Medivac  
  42  3:37  SCV  
  42  3:38  Marine  
  42  3:41  Marine  
  47  3:44  SCV  
  47  3:47  Supply Depot  
  48  3:49  SCV  
  48  3:50  Factory Tech Lab  
  48  3:55  Barracks  
  49  3:56  Marine  
  49  3:58  Marine  
  49  3:59  SCV  
  49  4:01  SCV  
  53  4:09  Siege Tank  
  56  4:14  Marine  
  56  4:16  Marine  
  55  4:18  Barracks  
  55  4:23  SCV  
  46  4:32  Marine  
  46  4:34  Marine, SCV  
  46  4:35  SCV  
  48  4:47  SCV x2  
  50  4:57  Factory Tech Lab  
  50  4:59  SCV  
  52  5:00  SCV  
  52  5:02  Engineering Bay  
  52  5:04  Refinery  
  52  5:06  Marine  
  52  5:07  Marine, Bunker  
  52  5:13  Marine, Viking  
  56  5:18  SCV  
  56  5:20  SCV  
  58  5:26  Widow Mine, Stimpack  
  58  5:28  Marine  
  60  5:30  Marine  
  62  5:39  Marine, SCV x2, Supply Depot  
  65  5:43  Terran Infantry Weapons Level 1  
  65  5:46  Combat Shields  
  65  5:52  SCV x2  
  67  5:57  Factory Reactor  
  67  5:58  Marine  
  67  5:59  Marine  
  69  6:04  SCV  
  69  6:05  Supply Depot, SCV  
  69  6:10  Starport Reactor  
  71  6:15  Marauder  
  71  6:16  SCV  
  71  6:18  Marauder  
  76  6:19  Marine  
  76  6:20  Marine  
  78  6:26  SCV  
  78  6:28  Supply Depot  
  79  6:37  SCV  
  79  6:38  SCV  
  81  6:41  Marine, Marauder x2  
  81  6:43  Factory Reactor  
  81  6:46  Supply Depot  
  86  6:49  Marine, Medivac  
  86  6:50  Medivac  
  86  6:53  Supply Depot  
  91  6:55  SCV x2  
  93  7:03  Liberator  
  93  7:08  Marauder x2  
  95  7:10  Barracks  
  95  7:12  Barracks  
  95  7:13  Marine  
  95  7:14  Liberator, Marine  
  97  7:21  Widow Mine  
  97  7:22  Widow Mine  
  103  7:26  Refinery  
  103  7:28  Marine  
  103  7:29  Marine  
  105  7:32  Marine x2  
  110  7:42  Supply Depot  
  110  7:43  Concussive Shells  
  110  7:44  Supply Depot  
  110  7:49  Supply Depot  
  110  7:51  Terran Infantry Armor Level 1  
  110  8:01  Barracks Tech Lab  
  110  8:03  Marine x4, Widow Mine  
  110  8:04  Supply Depot, Marauder  
  110  8:05  Supply Depot, SCV, Marine  
  120  8:17  SCV  
  120  8:19  SCV  
  122  8:20  Liberator x2  
  122  8:21  Marine  
  122  8:22  Marauder  
  125  8:30  Marine  
  125  8:31  Marauder  
  128  8:38  Marine x2, Marauder  
  128  8:39  Marine  
  139  8:43  Marauder  
  141  8:48  Marine  
  141  8:52  Marauder  
  144  8:55  Marine  
  144  8:56  Marine, Widow Mine  
  144  8:57  Widow Mine  
  144  9:02  Marauder  
  151  9:14  Marine x3, Marauder  
  121  9:19  Marine  
  121  9:20  Marauder  
  121  9:22  Marine  
  90  9:31  Marine, Medivac  
  90  9:32  Widow Mine x2, Medivac  
  90  9:35  Marine x3  
  96  9:40  Marine  
  96  9:41  Marauder  
  96  9:47  Marauder  
  96  9:49  Marine  
  99  9:53  Marine, Marauder  
  99  9:55  Marine  
  99  9:58  Marine  
  104  10:02  Marauder  
  112  10:07  Marine  
  112  10:08  Widow Mine  
  112  10:09  Marauder  
  112  10:10  Marine  
  112  10:13  Marine  
  121  10:15  Marauder  
  121  10:16  Marine  
  121  10:18  Bunker  

Tags
 
Add a new tag
Caveats
  • Supply blocks, unpowered buildings, or Contaminate may cause inaccurate times.
  • Supply counts are checked every 10 seconds.